 Dungeon Crawl Stone Soup version 0.30-a0-709-gcdc1b43e22 (webtiles) character file.

Game seed: 4405607822672664831

53 Alitron123 the Trooper (level 3, 0/24 HPs)
             Began as a Gargoyle Berserker on Jan 22, 2023.
             Was a Believer of Trog.
             Slain by a goblin
             ... wielding a +0 club
             ... led by Robin
              (6 damage)
             ... on level 3 of the Dungeon.
             The game lasted 00:01:37 (1393 turns).

Alitron123 the Trooper (Gargoyle Berserker)         Turns: 1393, Time: 00:01:37

Health: 0/24       AC: 13    Str: 22    XL:     3   Next: 89%
Magic:  3/3        EV:  8    Int:  7    God:    Trog [**....]
Gold:   102        SH:  0    Dex:  9    Spells: 2/2 levels left

rFire   . . .      SeeInvis .    c - +2 mace (heavy)
rCold   . . .      Faith    .    (no shield)
rNeg    + . .      Spirit   .    l - +0 chain mail
rPois   ∞          Reflect  .    (no helmet)
rElec   +          Harm     .    (no cloak)
rCorr   .          Rampage  .    k - +0 pair of gloves
Will    .....                    (no boots) Stlth
                                 (no amulet)
HPRegen 0.24/turn                (no ring)
MPRegen 0.08/turn                (no ring)

@: on berserk cooldown, slowed, very slow
A: sickness immunity, AC +3, negative energy resistance 1, electricity
resistance, torment resistance 1, petrification resistance
a: Renounce Religion, Berserk, Trog's Hand


You were on level 3 of the Dungeon.
You worshipped Trog.
Trog was pleased with you.
You visited 1 branch of the dungeon, and saw 3 of its levels.

You collected 102 gold pieces.

Inventory:

Hand Weapons
 c - a +2 heavy mace (weapon)
Armour
 k - a +0 pair of gloves (worn)
 l - a +0 chain mail (worn)
Scrolls
 a - a scroll of fear {unknown}
 b - 3 scrolls of immolation {unknown}
 d - 2 scrolls of fog {unknown}
 e - a scroll of vulnerability {unknown}
 f - a scroll of acquirement {unknown}
 h - a scroll of noise {unknown}
 i - a scroll of brand weapon {unknown}
 j - a scroll of poison {unknown}
 n - a scroll of identify {unknown}
 o - a scroll of blinking {unknown}
Potions
 g - a potion of lignification {unknown}
 m - a potion of heal wounds {unknown}
 p - 2 potions of haste


   Skills:
 + Level 3.9 Fighting
 + Level 3.6 Maces & Flails
 + Level 2.7 Armour
 + Level 1.8 Dodging
 + Level 0.4 Stealth


You had 2 spell levels left.
You didn't know any spells.
Your spell library was empty.

Dungeon Overview and Level Annotations

Branches:
Dungeon (3/15)

Altars:

Annotations:
D:3 Robin


Innate Abilities, Weirdness & Mutations

You are immune to sickness and miasma.
Your stone body is resilient. (AC +3)
You are immune to poison.
You resist negative energy. (rN+)
You are resistant to electric shocks. (rElec)
You are resistant to unholy torment.
You are immune to petrification.


Message History

The goblin no longer looks unusually strong. x2
The goblin hits you but does no damage. Robin throws the goblin at you!
The goblin hits you with a +0 club.
The endoplasm hits you but does no damage.
You bludgeon the goblin!!
You kill the goblin!
Trog accepts your kill.
The goblin hits you with a +0 club. x2; The goblin hits you but does no damage.
Robin roars a battlecry!
The goblin goes into a battle-frenzy!
The endoplasm freezes you.
You are frozen.
You are too injured to fight recklessly!
You are too injured to fight recklessly!
You are too injured to fight recklessly!
You bludgeon the goblin!!
You kill the goblin!
Trog accepts your kill. The goblin barely misses you.
The goblin closely misses you. Robin closely misses you.
The endoplasm closely misses you. The goblin barely misses you.
You closely miss the goblin.
You are no longer berserk.
You are exhausted.
You feel yourself slow down.
The goblin hits you but does no damage. x2
Robin hits you but does no damage. The endoplasm barely misses you.
The goblin completely misses you.
Robin hits you from afar with a +1 spear of pain.
* * * LOW HITPOINT WARNING * * *
The goblin hits you but does no damage. The endoplasm hits you.
* * * LOW HITPOINT WARNING * * *
The goblin no longer looks unusually strong.
The goblin closely misses you.
Items here: )))))))) †††††††.
You closely miss the goblin. The goblin closely misses you.
The goblin hits you but does no damage. x3
Robin roars a battlecry!
The goblin goes into a battle-frenzy!
You closely miss the goblin. The goblin hits you with a +0 club.
You die...

..####......>#
..........>....#
#.#.####.......# #.#.#
##......# # #.#.#
####.#.#.# #.##.#.#
#....#.#.#
#....#.###.####....
#.########..............#
........@gg.............
..###..J##.#.#.#.#####.##
.....#....g.....#
#..............##
..........$####.#
##.........# #.#
####...#### #.# #...#
#...


You could see Robin, an endoplasm and 2 goblins.

Vanquished Creatures
  An adder (D:3)
  A worm (D:2)
  A dart slug (D:1)
  A ball python (D:1)
  An endoplasm (D:1)
  10 goblins
  6 hobgoblins
  3 jackals (D:1)
  3 quokkas
  3 frilled lizards
  A kobold (D:2)
  4 rats
35 creatures vanquished.

Notes
Turn   | Place    | Note
-------+----------+-------------------------------------------
     0 | D:1      | Alitron123 the Gargoyle Berserker began the quest for the
                  | Orb.
     0 | D:1      | Reached XP level 1. HP: 14/14 MP: 1/1
    24 | D:1      | Reached XP level 2. HP: 17/19 MP: 2/2
    40 | D:1      | Found a faded altar of an unknown god.
   865 | D:2      | Reached XP level 3. HP: 24/24 MP: 3/3
  1108 | D:2      | Reached ** piety under Trog
  1371 | D:3      | Noticed Robin
  1393 | D:3      | Slain by a goblin

Illustrated notes

Levels and vault maps discovered:
D:1:      ebering_trefoil_3fold, layout_loops_cross,
          ebering_ecumenical_altar_sacrificial, minmay_pentomino_q2
D:2:      layout_basic, nicolae_underground_beach
D:3:      layout_loops_ring, fedhas_altar_4, portal_sewer_entry_b,
          kennysheep_potato, uniq_robin

Action                     || total
---------------------------++-------
  Melee: Mace              ||    74
         Punch             ||     2
 Invoke: Berserk           ||     1
   Stab: Sleeping          ||     2
 Armour: Animal skin       ||    11
         Chain mail        ||    55
  Dodge: Dodged            ||    56

Table legend: (Time is in decaauts)
 A = Elapsed time spent in this place.
 B = Non-inter-level travel time spent in this place.
 C = Inter-level travel time spent in this place.
 D = Time resting spent in this place.
 E = Time spent auto-exploring this place.
 F = Levels seen in this place.
 G = Mean time per level.
                   A        B        C        D        E       F      G
               +--------+--------+--------+--------+--------+-----+--------+
         Total |   1447 |   1301 |    146 |      0 |   1044 |   3 |  482.3 |
       Dungeon |   1447 |   1301 |    146 |      0 |   1044 |   3 |  482.3 |
               +--------+--------+--------+--------+--------+-----+--------+

Top non-repeatable levels by time:
     D:1: 810 daAuts
     D:2: 542 daAuts
     D:3: 95 daAuts
